 Dungeon Sprint DCSS version 0.21-a0-227-g58a7c62 (webtiles) character file.

14053 Kidiri the Unseen (level 11, -1/58 HPs)
             Began as a Spriggan Enchanter on Aug 30, 2017.
             Was a High Priest of Dithmenos.
             Slain by a spriggan berserker
             ... wielding a +0 quarterstaff
              (37 damage)
             ... in the Dungeon (Sprint IV: "Fedhas' Mad Dash").
             The game lasted 00:11:18 (2951 turns).

Kidiri the Unseen (Spriggan Enchanter)              Turns: 2951, Time: 00:11:19

Health: -1/58      AC:  2    Str:  6    XL:     11   Next: 83%
Magic:  26/29      EV: 32    Int: 18    God:    Dithmenos [*****.]
Gold:   412        SH:  7    Dex: 19    Spells: 5/37 levels left

rFire    + . .     SeeInvis +   a - +1 dagger
rCold    x . .     Gourm    .   n - +0 buckler
rNeg     . . .     Faith    .   b - +0 robe
rPois    .         Spirit   .   (helmet restricted)
rElec    +         Reflect  .   (no cloak)
rCorr    .         Harm     .   (gloves unavailable)
MR       +....     NoTele   +   (boots unavailable)
Stlth    ++++++++++             l - amulet of invisibility {+Inv}
HPRegen  0.19/turn              s - ring of Arghugog {Fire rElec Str+2 Slay+2}
MPRegen  0.21/turn              (no ring)

@: very slightly contaminated, wreathed by umbra, invisible, very quick
A: unfitting armour, see invisible, herbivore 3, speed 3, slow metabolism 2
a: Shadow Step, Shadow Form, Renounce Religion


You were in the Dungeon.
You worshipped Dithmenos.
Dithmenos was extremely pleased with you.
You were not hungry.

You visited 1 branch You collected 412 gold pieces.

Inventory:

Hand Weapons
 a - a +1 dagger (weapon)
 e - a +0 rapier
 o - the +6 lajatang "Fuch" {slice, rElec rPois}
   (You found it in the Dungeon)

   It inflicts extra damage upon your enemies.
   It insulates you from electricity.
   It protects you from poison.
Armour
 b - a +0 robe (worn)
 n - a +0 buckler (worn)
Jewellery
 l - the amulet of invisibility (around neck) {+Inv}
   (You found it in the Dungeon)

   [amulet of nothing]

   It lets you turn invisible.
 s - the ring of Arghugog (left hand) {Fire rElec Str+2 Slay+2}
   (You found it in the Dungeon)

   [ring of fire]

   It enhances your fire magic.
   It affects your strength (+2).
   It affects your accuracy and damage with ranged weapons and melee attacks
   (+2).
   It protects you from fire.
   It makes you vulnerable to cold.
   It insulates you from electricity.
Scrolls
 j - a scroll of blinking
 v - a scroll of remove curse
Potions
 f - a potion of heal wounds
 g - a potion of haste
 h - a potion of magic
 i - a potion of berserk rage
 k - a potion of degeneration {unknown}
 m - a potion of flight {unknown}
 u - a potion of curing
Books
 c - a book of Maledictions

   Spells                             Type                      Level
   a - Corona                         Hexes                        1
   b - Ensorcelled Hibernation        Hexes/Ice                    2
   c - Confuse                        Hexes                        3
   d - Tukima's Dance                 Hexes                        3
   e - Dazzling Spray                 Conjuration/Hexes            3
 r - a book of Burglary

   Spells                             Type                      Level
   a - Swiftness                      Charms/Air                   2
   b - Passwall                       Transmutation/Earth          2
   c - Passage of Golubria            Translocation                4
   d - Lee's Rapid Deconstruction     Earth                        5
   e - Darkness                       Hexes                        6
   f - Invisibility                   Hexes                        6
 t - a book of Minor Magic

   Spells                             Type                      Level
   a - Magic Dart                     Conjuration                  1
   b - Blink                          Translocation                2
   c - Call Imp                       Summoning                    2
   d - Slow                           Hexes                        2
   e - Conjure Flame                  Conjuration/Fire             3
   f - Mephitic Cloud                 Conjuration/Poison/Air       3
Comestibles
 d - a bread ration
 w - 6 royal jellies


   Skills:
 + Level 6.7 Fighting
 * Level 12.3 Short Blades
 + Level 6.2 Armour
 * Level 15.6 Dodging
 * Level 16.9 Stealth
 + Level 2.8 Shields
 * Level 13.5 Spellcasting
 + Level 10.4 Hexes
 + Level 6.9 Charms
 + Level 6.6 Translocations
 + Level 3.8 Ice Magic
 + Level 4.3 Air Magic
 + Level 4.0 Earth Magic
 + Level 3.9 Poison Magic
 - Level 3.8 Invocations
 + Level 10.1 Evocations


You had 5 spell levels left.
You knew the following spells:

 Your Spells              Type           Power        Failure   Level  Hunger
a - Corona                Hex            #####..      1%          1    None
b - Ensorcelled Hibernat  Hex/Ice        #####.       1%          2    None
c - Confuse               Hex            #####...     1%          3    None
d - Tukima's Dance        Hex            #####...     1%          3    None
e - Dazzling Spray        Conj/Hex       ####..       2%          3    None
f - Swiftness             Chrm/Air       ####....     1%          2    None
g - Passage of Golubria   Tloc           N/A          4%          4    #......
h - Lee's Rapid Deconstr  Erth           ####......   36%         5    ####...
i - Darkness              Hex            #####.....   16%         6    ######.
j - Mephitic Cloud        Conj/Pois/Air  ###.....     7%          3    None


Dungeon Overview and Level Annotations

Branches:
Dungeon (1/1)

Altars:
Cheibriados
Dithmenos
Elyvilon
Gozag
Hepliaklqana
Kikubaaqudgha
Makhleb
Nemelex Xobeh
Okawaru
Qazlal
Ru
Sif Muna
Trog
Uskayaw
Vehumet
Wu Jian
Xom
Yredelemnul
Zin
The Shining One
Beogh
Jiyva
Lugonu

Shops:
D (}[?*[}=([?*=

Annotations:
D exclusion: oklob plant


Innate Abilities, Weirdness & Mutations

You are very small and have problems with some larger weapons.
You are too small for most types of armour.
You have supernaturally acute eyesight. (SInv)
You are a herbivore.
You cover ground extremely quickly.
You need consume almost no food.


Message History

The spriggan berserker hits you with a quarterstaff!!
You emit a cloud of dark smoke.
Unknown command.
Unknown command.
The oklob plant annihilator spits acid at the bush.
The spriggan berserker rages.
The spriggan berserker misses you.
There is an open door here.
You block the spriggan berserker's attack.
The spriggan berserker completely misses you.
Casting: Confuse
Confirm with . or Enter, or press ? or * to list all spells.
Aiming: Confuse
Press: ? - help, Shift-Dir - straight line, f - spriggan berserker
Aim: a spriggan berserker, wielding a quarterstaff and wearing an animal skin (berserk, fast, unusually strong, umbra, chance to defeat MR: 3%)
Okay, then.
Unknown command.
The spriggan berserker hits you with a quarterstaff!!!
Ouch! That really hurt!
You die...

#.......#.♣♣..♣...♣'...#♣.♣######
########################.....####
...............# ###..♣..♣....#
.............P.#####.).♣......♣..
.....)......)P..........♣.)...∩.∩
.............P...################
###'############## ####### ######
........# ###..#####..P∩∩###§§§§|
.....P..# #.)..'@i.......##§§§P§.
.P....### #....#####P....'..§§§P)
##...## ##....# ##############
#....####.....# #.............+
#.............# ###############


You could see a spriggan berserker (berserk).

Vanquished Creatures
  Agnes (D)
  A ghost moth (D)
  A spriggan defender (D)
  A spriggan berserker (D)
  A spriggan druid (D)
  10 oklob plants (D)
  3 demonic crawlers (D)
  3 wandering mushrooms (D)
  3 burning bushes (D)
  6 hornets (D)
  A queen bee (D)
  2 scorpions (D)
  4 killer bees (D)
  5 oklob saplings (D)
  A worker ant (D)
  8 spriggans (D)
  A river rat (D)
  A rat (D)
  3 ballistomycetes (D)
  2 ballistomycete spores (D)
58 creatures vanquished.

Notes
Turn   | Place    | Note
-------+----------+-------------------------------------------
     0 | D        | Kidiri the Spriggan Enchanter began the quest for the Orb.
     0 | D        | Reached XP level 1. HP: 9/9 MP: 5/5
     8 | D        | Reached XP level 2. HP: 14/14 MP: 5/7
    10 | D        | Reached skill level 1 in Fighting
    25 | D        | Learned a level 2 spell: Ensorcelled Hibernation
    35 | D        | Noticed an oklob sapling
    36 | D        | Killed an oklob sapling
    36 | D        | Reached skill level 1 in Armour
    36 | D        | Reached skill level 5 in Stealth
    36 | D        | Reached XP level 3. HP: 18/18 MP: 7/9
    41 | D        | Learned a level 3 spell: Confuse
    45 | D        | Learned a level 3 spell: Tukima's Dance
    56 | D        | Found the amulet of invisibility {+Inv}
    57 | D        | Reached skill level 5 in Dodging
    57 | D        | Reached skill level 6 in Stealth
    79 | D        | Noticed an oklob sapling
    82 | D        | Killed an oklob sapling
    82 | D        | Reached skill level 5 in Spellcasting
    82 | D        | Reached skill level 1 in Evocations
    82 | D        | Reached XP level 4. HP: 23/23 MP: 9/12
   201 | D        | Learned a level 3 spell: Dazzling Spray
   205 | D        | Found an opulent altar of Gozag.
   205 | D        | Found a hazy altar of Hepliaklqana.
   205 | D        | Found a roughly hewn altar of Beogh.
   205 | D        | Found a snail-covered altar of Cheibriados.
   206 | D        | Found a viscous altar of Jiyva.
   206 | D        | Found a burning altar of Makhleb.
   206 | D        | Found a sparkling altar of Nemelex Xobeh.
   206 | D        | Found a sacrificial altar of Ru.
   206 | D        | Found a deep blue altar of Sif Muna.
   206 | D        | Found a bloodstained altar of Trog.
   206 | D        | Found an ornate altar of the Wu Jian Council.
   206 | D        | Found a shimmering altar of Xom.
   206 | D        | Found a basalt altar of Yredelemnul.
   207 | D        | Found an iron altar of Okawaru.
   207 | D        | Found a glowing silver altar of Zin.
   207 | D        | Found a shadowy altar of Dithmenos.
   208 | D        | Found a hide-covered altar of Uskayaw.
   208 | D        | Found an ancient bone altar of Kikubaaqudgha.
   209 | D        | Found a stormy altar of Qazlal.
   209 | D        | Found a glowing golden altar of the Shining One.
   209 | D        | Found a white marble altar of Elyvilon.
   210 | D        | Found a corrupted altar of Lugonu.
   210 | D        | Found a radiant altar of Vehumet.
   215 | D        | Became a worshipper of Dithmenos the Shadowed
   217 | D        | Reached skill level 7 in Stealth
   217 | D        | Reached skill level 5 in Hexes
   217 | D        | Reached skill level 1 in Invocations
   217 | D        | Reached XP level 5. HP: 26/26 MP: 12/14
   506 | D        | Reached skill level 5 in Short Blades
   506 | D        | Reached skill level 8 in Stealth
   512 | D        | Reached * piety under Dithmenos
   515 | D        | Reached XP level 6. HP: 13/32 MP: 12/16
   540 | D        | Found Xyagruygywk's Gadget Shop.
   540 | D        | Found Deogotz's Armour Emporium.
   713 | D        | Noticed a burning bush
   713 | D        | Noticed a wandering mushroom
   714 | D        | Noticed a wandering mushroom
   717 | D        | Killed a burning bush
   717 | D        | Reached ** piety under Dithmenos
   717 | D        | Reached skill level 10 in Stealth
   718 | D        | Killed a wandering mushroom
   718 | D        | Reached XP level 7. HP: 36/36 MP: 14/19
   719 | D        | Reached skill level 10 in Dodging
   719 | D        | Reached skill level 5 in Evocations
   724 | D        | Killed a wandering mushroom
   724 | D        | Reached skill level 11 in Stealth
   840 | D        | Found Loigigha's Armour Shoppe.
   841 | D        | Found Nushamod's Magic Scroll Emporium.
   849 | D        | Got a polished lajatang
   850 | D        | Identified the +6 lajatang "Fuch" {slice, rElec rPois} (You found it in the Dungeon)
  1062 | D        | Noticed a queen bee
  1066 | D        | Reached XP level 8. HP: 33/42 MP: 16/22
  1070 | D        | Killed a queen bee
  1070 | D        | Reached *** piety under Dithmenos
  1079 | D        | Reached skill level 12 in Stealth
  1339 | D        | Noticed an oklob plant
  1342 | D        | Killed an oklob plant
  1342 | D        | Reached **** piety under Dithmenos
  1342 | D        | Reached skill level 10 in Spellcasting
  1361 | D        | Noticed a burning bush
  1364 | D        | Killed a burning bush
  1371 | D        | Learned a level 2 spell: Swiftness
  1376 | D        | Learned a level 4 spell: Passage of Golubria
  1382 | D        | Learned a level 5 spell: Lee's Rapid Deconstruction
  1482 | D        | Noticed a burning bush
  1482 | D        | Noticed an oklob plant
  1483 | D        | Noticed a wandering mushroom
  1484 | D        | Killed a burning bush
  1484 | D        | Reached skill level 13 in Stealth
  1484 | D        | Reached XP level 9. HP: 46/46 MP: 21/24
  1486 | D        | Killed an oklob plant
  1486 | D        | Reached skill level 5 in Fighting
  1487 | D        | Killed a wandering mushroom
  1487 | D        | Reached ***** piety under Dithmenos
  1492 | D        | Got a fine iron ring
  1493 | D        | Identified the ring of Arghugog {Fire rElec Str+2 Slay+2} (You found it in the Dungeon)
  1617 | D        | Noticed a spriggan druid
  1619 | D        | Killed a spriggan druid
  1619 | D        | Reached skill level 10 in Short Blades
  1619 | D        | Reached skill level 14 in Stealth
  1633 | D        | Learned a level 6 spell: Darkness
  1723 | D        | Noticed an oklob plant conjurer
  1724 | D        | Killed an oklob plant conjurer
  1724 | D        | Reached skill level 1 in Charms
  1760 | D        | Noticed an oklob plant
  1760 | D        | Noticed an oklob plant summoner
  1762 | D        | Noticed an oklob plant shifter
  1763 | D        | Killed an oklob plant
  1763 | D        | Reached skill level 1 in Translocations
  1763 | D        | Reached skill level 1 in Air Magic
  1763 | D        | Reached skill level 1 in Earth Magic
  1763 | D        | Reached XP level 10. HP: 51/51 MP: 19/26
  1765 | D        | Killed an oklob plant summoner
  1765 | D        | Reached skill level 5 in Armour
  1765 | D        | Reached skill level 1 in Ice Magic
  1767 | D        | Killed an oklob plant shifter
  1779 | D        | Noticed a spriggan rider
  1894 | D        | Found Ilopsuffa's General Store.
  1894 | D        | Found Vuduck's Jewellery Shoppe.
  1895 | D        | Killed a spriggan rider
  1895 | D        | Reached skill level 15 in Stealth
  1899 | D        | Reached ****** piety under Dithmenos
  1961 | D        | Learned a level 3 spell: Mephitic Cloud
  2031 | D        | Noticed Agnes
  2032 | D        | Found Fucu's Jewellery Emporium.
  2032 | D        | Found Popsouho's Antique Weapon Shoppe.
  2033 | D        | Killed Agnes
  2033 | D        | Reached skill level 1 in Shields
  2033 | D        | Reached skill level 1 in Poison Magic
  2037 | D        | Noticed a spriggan defender
  2040 | D        | Killed a spriggan defender
  2040 | D        | Reached XP level 11. HP: 56/56 MP: 18/28
  2155 | D        | Noticed a spriggan berserker
  2157 | D        | Killed a spriggan berserker
  2157 | D        | Reached skill level 5 in Charms
  2157 | D        | Reached skill level 5 in Translocations
  2161 | D        | Noticed a spriggan rider
  2163 | D        | Killed a spriggan rider
  2163 | D        | Reached skill level 16 in Stealth
  2165 | D        | Reached skill level 10 in Hexes
  2191 | D        | Noticed a ghost moth
  2200 | D        | Found Usicw's Antique Weapon Shoppe.
  2200 | D        | Found Wyxeh's Gadget Boutique.
  2200 | D        | Found Kusaid's Armour Emporium.
  2201 | D        | Reached skill level 15 in Dodging
  2207 | D        | Killed a ghost moth
  2521 | D        | Noticed an oklob plant shifter
  2521 | D        | Noticed an oklob plant meteorologist
  2523 | D        | Killed an oklob plant meteorologist
  2526 | D        | Killed an oklob plant shifter
  2680 | D        | Noticed a spriggan rider
  2684 | D        | Killed a spriggan rider
  2684 | D        | Reached skill level 10 in Evocations
  2802 | D        | Noticed an oklob plant summoner
  2803 | D        | Found Fukk's Magic Scroll Emporium.
  2803 | D        | Found Soxkyn's General Store.
  2804 | D        | Killed an oklob plant summoner
  2928 | D        | Noticed an oklob plant demonologist
  2928 | D        | Noticed an oklob plant annihilator
  2929 | D        | Noticed a spriggan berserker
  2937 | D        | Killed an oklob plant demonologist
  2951 | D        | Slain by a spriggan berserker

Vault maps used:
D:        dungeon_sprint_fedhas

Skill      XL: |  1  2  3  4  5  6  7  8  9 10 11 |
---------------+----------------------------------+-----
Short Blades   | 2 3 4 5 7 9 10 11 12 | 12.3
Dodging        | 4 5 6 7 9 10 12 13 14 15 | 15.6
Spellcasting   | 3 4 5 6 8 9 10 11 12 13 | 13.5
Fighting       | 1 2 3 4 5 6 |  6.7
Hexes          | 4 5 6 8 9 10 | 10.4
Armour         | 1 2 3 4 5 6 |  6.2
Stealth        | 5 6 7 8 10 11 13 14 15 16 | 16.9
Evocations     | 1 2 3 4 5 7 8 9 10 | 10.1
Invocations    | 1 2 3 |  3.8
Charms         | 1 4 6 |  6.9
Translocations | 1 4 6 |  6.6
Air Magic      | 1 3 4 |  4.3
Earth Magic    | 1 3 4 |  4.0
Ice Magic      | 2 3 |  3.8
Shields        | 1 2 |  2.8
Poison Magic   | 2 3 |  3.9

Action                   |  1- 3 |  4- 6 |  7- 9 | 10-12 || total
-------------------------+-------+-------+-------+-------++-------
Melee: Dagger            |     6 |    13 |    46 |    40 ||   105
 Cast: Dazzling Spray    |       |     3 |     1 |     3 ||     7
       Ensorcelled Hiber |       |     3 |       |     1 ||     4
       Confuse           |       |     1 |       |     1 ||     2
Invok: Shadow Step       |       |       |     3 |    10 ||    13
 Abil: Evoke Invisibilit |     1 |     3 |     6 |     6 ||    16
  Use: Potion            |       |     2 |       |       ||     2
       Scroll            |       |       |       |     3 ||     3
 Stab: Sleeping          |     4 |     4 |    10 |    19 ||    37
       Invisible         |       |     3 |     8 |     5 ||    16
  Eat: Royal jelly       |       |       |     1 |     3 ||     4
Armor: Robe              |       |       |     1 |       ||     1
Dodge: Dodged            |     3 |     7 |    22 |     5 ||    37
Block: Buckler           |       |       |       |     3 ||     3

Table legend:
 A = Spawn XP
 B = Non-spawn XP
 C = Spawn XP percentage of total XP
 D = Spawn monster count
 E = Non-spawn monster count
 F = Spawn count percentage of total count
 G = Total turns spent on level
                    A         B        C        D         E        F      G
               +---------+---------+-------+---------+---------+-------+---------
         Total |       0 |   20077 |   0.0 |       0 |      53 |   0.0 |  2951
               +---------+---------+-------+---------+---------+-------+---------
             D |       0 |   20077 |   0.0 |       0 |      53 |   0.0 |  2951
               +---------+---------+-------+---------+---------+-------+---------
